Map: Eternal Empire LE

Players

PtitDrogo - Winner!

  • Race: Protoss Protoss
  • League: Master
  • Spawn Location: 7:00

AGOElazer (Elazer)

  • Race: Zerg Zerg
  • League: Master
  • Spawn Location: 1:00

Event: StayAtHomestory Cup #2

VOD

Have the link to the VOD?

Description

Time

  • Played on: June 11, 2020, 9:52 a.m.
  • Length: 9:20

All games in this series

Show
View Real Time Build Order
Export as new Build Order

PtitDrogo Protoss - Winner!

Build Orders: 1 Gate Expand, Mass Adepts 

Get SALT Encoding   

  12  0:00  Probe  
  13  0:12  Probe  
  14  0:21  Pylon  
  14  0:25  Probe  
  15  0:30  Assimilator  
  15  0:35  Probe  
  16  0:43  Probe  
  16  0:47  Gateway  
  17  0:53  Probe  
  18  1:06  Probe  
  19  1:18  Probe  
  20  1:25  Nexus  
  20  1:35  Cybernetics Core  
  20  1:38  Probe  
  21  1:41  Assimilator  
  21  1:50  Probe  
  21  1:51  Pylon  
  22  2:01  Adept  
  22  2:02  Probe  
  23  2:14  Warp Gate  
  23  2:15  Probe  
  26  2:20  Twilight Council  
  26  2:21  Adept  
  26  2:27  Probe  
  27  2:34  Probe  
  29  2:39  Probe  
  29  2:43  Probe, Robotics Facility  
  33  2:51  Probe  
  33  2:55  Resonating Glaives, Stalker  
  35  2:59  Probe  
  36  3:10  Probe  
  36  3:11  Gateway  
  37  3:18  Probe  
  38  3:23  Gateway  
  38  3:26  Warp Prism  
  38  3:28  Gateway  
  40  3:41  Probe x2  
  40  3:44  Pylon  
  42  3:51  Pylon  
  42  3:56  Probe x2  
  45  4:03  Observer  
  45  4:04  Adept  
  45  4:06  Adept  
  49  4:11  Probe x2  
  49  4:13  Assimilator  
  51  4:17  Pylon  
  51  4:25  Adept x3  
  51  4:26  Adept  
  51  4:30  Pylon  
  59  4:32  Assimilator  
  59  4:33  Probe x2  
  61  4:45  Probe  
  62  4:47  Adept x4  
  66  5:08  Adept x4  
  66  5:12  Probe  
  69  5:16  Probe  
  69  5:19  Immortal  
  68  5:24  Probe  
  65  5:28  Probe  
  65  5:29  Adept x4  
  72  5:36  Probe  
  72  5:41  Probe  
  64  5:48  Probe  
  57  5:50  Adept x2  
  57  5:51  Adept  
  57  5:53  Probe  
  57  5:54  Adept  
  66  5:58  Pylon  
  66  6:00  Probe  
  67  6:05  Probe  
  67  6:09  Nexus  
  68  6:11  Probe  
  68  6:14  Probe  
  68  6:15  Pylon  
  68  6:17  Sentry  
  68  6:18  Sentry  
  74  6:20  Probe  
  74  6:23  Probe  
  75  6:28  Probe  
  77  6:41  Immortal  
  77  6:43  Sentry, Stalker x2  
  77  6:44  Sentry  
  84  6:54  Gateway  
  84  6:55  Gateway  
  84  6:58  Shield Battery  
  84  7:05  Shield Battery, Pylon  
  84  7:07  Adept  
  86  7:09  Pylon  
  86  7:10  Pylon  
  86  7:23  Pylon  
  86  7:27  Gateway x2  
  86  7:28  Zealot  
  86  7:29  Templar Archives  
  88  7:32  Charge  
  86  7:37  Zealot  
  86  7:40  Pylon  
  88  7:48  Zealot  
  88  7:49  Zealot  
  92  7:55  Immortal, Zealot  
  94  7:58  Zealot  
  80  8:31  High Templar x2  
  80  8:32  Zealot x3  
  90  8:37  Nexus, Archon, Gateway  
  90  8:38  Gateway, Pylon  
  90  8:39  Gateway  
  90  8:46  Pylon  
  90  8:49  Probe x2  
  92  9:02  High Templar x2  
  92  9:03  Zealot  
  92  9:06  Archon  
  92  9:08  Zealot x2  
Show
View Real Time Build Order
Export as new Build Order

AGOElazer Zerg 

Build Orders: Hatch First 

Get SALT Encoding   

  12  0:00  Drone  
  13  0:12  Overlord  
  13  0:16  Drone  
  14  0:30  Drone x2  
  16  0:49  Hatchery  
  15  0:51  Drone  
  15  0:55  Drone  
  17  0:58  Drone  
  18  1:09  Extractor  
  17  1:13  Spawning Pool  
  17  1:16  Drone  
  17  1:20  Drone  
  18  1:28  Drone  
  19  1:39  Drone  
  20  1:49  Drone  
  21  2:00  Queen x2  
  21  2:01  Zergling x2, Overlord  
  26  2:11  Zergling x2  
  26  2:12  Drone  
  28  2:22  Drone x2  
  30  2:30  Hatchery  
  30  2:33  Drone x2  
  31  2:40  Queen  
  33  2:45  Metabolic Boost  
  33  2:49  Overlord  
  33  2:54  Drone  
  33  2:55  Drone  
  35  2:58  Drone  
  36  3:09  Drone x4  
  36  3:11  Overlord  
  36  3:12  Zergling x2  
  40  3:15  Drone  
  40  3:17  Drone  
  42  3:21  Queen  
  44  3:30  Drone x3  
  44  3:31  Drone  
  47  3:43  Drone x5  
  52  3:50  Overlord  
  52  3:52  Drone x3  
  57  3:55  Drone x2  
  57  4:02  Roach Warren  
  56  4:06  Overlord  
  56  4:08  Queen  
  58  4:10  Overlord  
  58  4:13  Zergling x2  
  58  4:16  Zergling x6  
  62  4:19  Zergling x2  
  62  4:20  Zergling x2  
  64  4:25  Overlord  
  64  4:30  Zergling x10  
  69  4:37  Zergling x2  
  70  4:41  Queen  
  70  4:42  Zergling x8  
  70  4:43  Zergling x2  
  77  4:49  Roach x5  
  79  4:56  Queen  
  79  4:58  Roach  
  79  5:03  Roach x5  
  79  5:06  Zergling x2  
  86  5:12  Zergling x2  
  86  5:13  Zergling x4  
  76  5:17  Zergling x6  
  71  5:25  Zergling x4  
  69  5:32  Zergling x12  
  69  5:36  Zergling x4  
  59  5:44  Overlord  
  59  5:45  Drone x3  
  59  5:47  Drone  
  58  5:51  Drone  
  59  6:00  Zergling x4  
  59  6:01  Ravager  
  62  6:05  Ravager  
  62  6:07  Zergling x4  
  65  6:11  Zergling x4  
  65  6:16  Queen, Zergling x2  
  70  6:20  Zergling x6  
  73  6:30  Zergling x6  
  76  6:34  Overlord  
  73  6:47  Zergling x10  
  73  6:50  Drone  
  73  6:52  Drone  
  79  6:55  Ravager  
  79  6:59  Ravager  
  80  7:01  Drone x2  
  80  7:04  Drone  
  80  7:06  Drone  
  84  7:11  Drone x2  
  86  7:18  Drone x2  
  86  7:21  Drone  
  87  7:27  Ravager  
  88  7:35  Drone x7  
  92  7:37  Drone  
  92  7:39  Drone  
  92  7:40  Drone  
  85  8:01  Zergling x24  
  80  8:10  Zergling x10  
  83  8:13  Lair  
  81  8:22  Drone x4  
  81  8:23  Drone x2  
  81  8:25  Drone  
  73  8:30  Drone x2  
  75  8:35  Drone  
  75  8:38  Drone x2  
  78  8:41  Extractor  
  78  8:44  Queen, Drone x6  
  78  8:45  Extractor  
  84  8:53  Overlord  
  84  8:55  Overlord  
  84  8:58  Drone x4  
  84  9:00  Drone  
Tags
 
Add a new tag
Caveats
  • Supply blocks, unpowered buildings, or Contaminate may cause inaccurate times.
  • Supply counts are checked every 10 seconds.